 Dungeon Crawl Stone Soup version 0.31-a0-233-g139696dc86 (webtiles) character file.

Game seed: 13384047833672719248

67 pokeman the Magician (level 3, -1/20 HPs)
             Began as a Deep Elf Hedge Wizard on July 9, 2023.
             Slain by an orc priest
             ... wielding a +0 hand axe
              (5 damage)
             ... on level 3 of the Dungeon.
             The game lasted 00:03:18 (3417 turns).

pokeman the Magician (Deep Elf Hedge Wizard)        Turns: 3417, Time: 00:03:19

Health: -1/20      AC:  4    Str:  7    XL:     3   Next: 98%
Magic:  7/11       EV: 12    Int: 20    God:
Gold:   172        SH:  0    Dex: 14    Spells: 4/12 levels left

rFire   . . .        a - +0 dagger
rCold   . . .        (no shield)
rNeg    . . .        b - +0 robe
rPois   .            c - +0 hat
rElec   .            y - +0 cloak
rCorr   .            p - +0 pair of gloves
SInv    .            (no boots)
Will    +....        (no amulet)
Stlth   ++           w - ring of willpower
HPRegen 0.23/turn    (no ring)
MPRegen 0.12/turn

%: no passive effects
@: no status effects
A: no striking features
a: no special abilities


You were on level 3 of the Dungeon.
You visited 1 branch of the dungeon, and saw 4 of its levels.

You collected 172 gold pieces.

Inventory:

Hand Weapons
 a - a +0 dagger (weapon)
Missiles
 A - 3 curare-tipped darts
Armour
 b - a +0 robe (worn)
 c - a +0 hat (worn)
 p - a +0 pair of gloves (worn)
 u - a +0 buckler
 y - a +0 cloak (worn)
Jewellery
 w - a ring of willpower (left hand)
 B - a ring of protection from cold
Scrolls
 e - 2 scrolls of enchant armour {unknown}
 g - a scroll of identify {unknown}
 h - 2 scrolls of revelation {unknown}
 m - 2 scrolls of teleportation {unknown}
 n - a scroll of immolation {unknown}
 q - a scroll of noise {unknown}
 t - a scroll of poison {unknown}
 v - a scroll of fear {unknown}
 z - a scroll of blinking {unknown}
 C - a scroll of summoning {unknown}
Potions
 d - a potion of magic
 f - a potion of ambrosia {unknown}
 i - a potion of attraction {unknown}
 j - a potion of haste {unknown}
 k - a potion of lignification {unknown}
 l - a potion of mutation {unknown}
 o - a potion of resistance {unknown}
 r - a potion of heal wounds {unknown}
 s - 2 potions of invisibility {unknown}
 x - a potion of curing {unknown}


   Skills:
 - Level 1.0 Fighting
 - Level 1.0 Armour
 + Level 2.5 Dodging
 - Level 2.4 Stealth
 + Level 0.1 Shields
 * Level 5.4 Spellcasting
 + Level 2.1 Conjurations
 - Level 1.1 Summonings
 - Level 1.1 Translocations


You had 4 spell levels left.
You knew the following spells:

 Your Spells              Type           Power      Damage    Failure   Level
a - Magic Dart            Conj           52%        1d5       4%          1
b - Mephitic Cloud        Conj/Pois/Air  8%         N/A       26%         3
c - Call Imp              Summ           18%        N/A       11%         2
d - Blink                 Tloc           18%        N/A       11%         2

Your spell library contained the following spells:

 Spells                   Type           Power      Damage    Failure   Level
 Slow                     Hex            20%        N/A       11%         1
 Cigotuvi's Dreadful Rot  Necr/Pois/Air  10%        N/A       17%         2


Dungeon Overview and Level Annotations

Branches:
Dungeon (4/15)
 Temple: D:4-7

Altars:
Qazlal
Zin


Message History

The orc hits you with a +0 flail.
The orc priest is engulfed in noxious fumes.
The orc priest appears confused.
The orc priest closely misses the orc.
The orc priest closely misses you.
Unknown command.
Unknown command.
You feel less confused.
The orc priest is engulfed in noxious fumes.
The orc priest appears confused.
The orc priest hits the orc with a +0 hand axe.
Unknown command.
Casting: Mephitic Cloud (extremely dangerous; 26% risk of failure)
Confirm with . or Enter, or press ? or * to list all spells.
Aiming: Magic Dart (safe; 4% risk of failure)
Press: ? - help, Shift-Dir - straight line, f/p - orc priest
Aim: an orc priest, wielding a +0 hand axe (noxious fumes, confused, 100% to hit)
The magic dart hits the orc priest.
The orc priest is lightly wounded.
The orc priest is engulfed in noxious fumes.
You hit the orc priest but do no damage.
The orc priest is lightly wounded.
The orc priest is engulfed in noxious fumes.
The orc priest appears confused.
The orc priest hits you with a +0 hand axe.
Unknown command.
You hit the orc priest.
The orc priest is moderately wounded.
The orc barely misses you.
The orc priest is engulfed in noxious fumes.
The orc priest appears confused.
The orc priest hits you but does no damage.
Unknown command.
You hit the orc priest.
The orc priest is heavily wounded.
The orc hits you with a +0 flail.
* * * LOW HITPOINT WARNING * * *
The orc priest is engulfed in noxious fumes.
The orc priest appears confused.
The orc priest hits you with a +0 hand axe.
You die...

.(###§# #..# #.#...#...##
.^≈#^.# #..### #.#§..#.....
.§...######....# ####.#§§§#...##
.###.........#.####....#≈§≈#<.##
## #.#######.....#.###.#≈.≈#..#
# #.# #.#.#>.####.#...#..#
####.## #.#.#..##...#._.#..#
......######.#.#oo##.###≈.≈#..#
###.#.......^..#@#.#.#.######.#
#.########.###.##...## #.# #.#
#.# #.###.## #.# ###.########.#
#.###.########.#
.............###..............#
###########.....[.......#######
##########.##.# #.##.#
#.##.########


You could see an orc priest (confused) and an orc.

Vanquished Creatures
  An adder (D:3)
  2 worms (D:3)
  2 dart slugs
  An orc (D:3)
  5 endoplasms
  A giant cockroach (D:2)
  3 goblins
  5 hobgoblins
  2 jackals (D:1)
  4 kobolds
  A quokka (D:1)
  3 ball pythons
  7 bats
  2 frilled lizards
  2 rats (D:1)
41 creatures vanquished.

Notes
Turn   | Place    | Note
-------+----------+-------------------------------------------
     0 | D:1      | pokeman the Deep Elf Hedge Wizard began the quest for the
                  | Orb.
     0 | D:1      | Reached XP level 1. HP: 10/10 MP: 7/7
   270 | D:1      | Reached XP level 2. HP: 16/16 MP: 6/9
  1143 | D:2      | Reached skill level 5 in Spellcasting
  1468 | D:2      | Reached XP level 3. HP: 20/20 MP: 8/11
  1472 | D:2      | Learned a level 3 spell: Mephitic Cloud
  1475 | D:2      | Learned a level 2 spell: Call Imp
  1478 | D:2      | Learned a level 2 spell: Blink
  2660 | D:3      | Reached skill level 1 in Fighting
  2660 | D:3      | Reached skill level 1 in Armour
  2733 | D:3      | Found a stormy altar of Qazlal.
  2930 | D:3      | Found a glowing silver altar of Zin.
  3417 | D:3      | Slain by an orc priest

Illustrated notes

Levels and vault maps discovered:
D:1:      dpeg_arrival_fog, layout_loops_ring
D:2:      layout_loops_corners, minmay_door_square, hangedman_decor_opposing,
          wander_ebering_terrifying_dragon_lair
D:3:      layout_loops_ring, grunt_qazlal_sundering, pf_just_have_faith
D:4:      layout_rooms, kennysheep_mini, serial_demonic, serial_demonic_e,
          serial_demonic_g, serial_demonic_g, serial_demonic_d,
          serial_demonic_f, serial_demonic_e, serial_demonic_g,
          serial_demonic_g, chequers_serial_rivers_micro_a, st_stairs_4,
          roderic_roman_lattice, minmay_joined_circles, uniq_ijyb

Skill      XL: |  1  2  3 |
---------------+----------+-----
Spellcasting   | 5 |  5.4
Fighting       | 1 |  1.0
Armour         | 1 |  1.0
Conjurations   | 2 |  2.1
Dodging        | |  2.5
Stealth        | |  2.4
Shields        | |  0.1
Summonings     | |  1.1
Translocations | |  1.1

Action                     || total
---------------------------++-------
  Melee: Dagger            ||    12
   Cast: Magic Dart        ||   128
         Mephitic Cloud    ||     1
 Armour: Robe              ||    14
  Dodge: Dodged            ||    21

Table legend: (Time is in decaauts)
 A = Elapsed time spent in this place.
 B = Non-inter-level travel time spent in this place.
 C = Inter-level travel time spent in this place.
 D = Time resting spent in this place.
 E = Time spent auto-exploring this place.
 F = Levels seen in this place.
 G = Mean time per level.
                   A        B        C        D        E       F      G
               +--------+--------+--------+--------+--------+-----+--------+
         Total |   3416 |   3356 |     60 |      0 |   3028 |   4 |  854.0 |
       Dungeon |   3416 |   3356 |     60 |      0 |   3028 |   4 |  854.0 |
               +--------+--------+--------+--------+--------+-----+--------+

Top non-repeatable levels by time:
     D:2: 1214 daAuts
     D:3: 1129 daAuts
     D:1: 1070 daAuts
     D:4: 1 daAuts
